 Dungeon Crawl Stone Soup version 0.16.2-12-gd0ad4c3 (webtiles) character file.

15205 Kloppie the Bludgeoner (level 11, -2/105 HPs)
             Began as a Minotaur Fighter on Oct 28, 2015.
             Was a High Priest of Okawaru.
             Slain by an unseen horror (7 damage)
             ... on level 11 of the Dungeon.
             The game lasted 00:36:01 (13343 turns).

Kloppie the Bludgeoner (Minotaur Fighter)          Turns: 13343, Time: 00:36:02

Health: -2/105     AC: 23    Str: 23      XL:     11   Next: 98%
Magic:  17/17      EV:  8    Int:  5      God:    Okawaru [*****.]
Gold:   425        SH:  5    Dex: 10 (11) Spells: 0 memorised, 10 levels left

rFire  . . .     SeeInvis .     M - +1 flail (protect)
rCold  + . .     Clarity  +     O - +0 plate armour
rNeg   . . .     SustAb   .     N - -4 shield of the Volcano {+Blink MR+}
rPois  .         Gourm    .     (helmet restricted)
rElec  .         Spirit   .     D - +1 cloak
rCorr  .         Warding  .     (no gloves)
rMut   .         Stasis   .     C - +0 pair of boots
MR     +....                    q - amulet of clarity
Stlth  ..........               J - +3 ring of evasion
                                B - ring of protection from cold

@: about to teleport, studying Fighting, somewhat resistant to hostile
enchantments, extremely unstealthy
A: retaliatory headbutt, horns 2
a: Heroism, Finesse, Renounce Religion, Evoke Blink


You were on level 11 of the Dungeon.
You worshipped Okawaru.
Okawaru was extremely pleased with you.
You were not hungry.

You visited 2 branches of the dungeon, and saw 12 of its levels.
You also visited: Sewer and Bailey.

You collected 627 gold pieces.
You spent 202 gold pieces at shops.

Inventory:

Hand weapons
 a - a +1 flail of crushing
 t - the cursed -1 bardiche "Emuemp" {venom, rC+, unknown}
   (You found it in a bailey)

   It poisons the flesh of those it strikes.
   It protects you from cold.
   It has a curse placed upon it.
 G - a +1 great mace of protection
 M - a +1 flail of protection (weapon)
 U - a +1 morningstar
Missiles
 K - 5 javelins of penetration (quivered)
Armour
 c - a +0 shield
 C - a +0 pair of boots (worn)
 D - a +1 cloak (worn)
 N - the -4 shield of the Volcano (worn) {+Blink MR+}
   (Okawaru gifted it to you on level 9 of the Dungeon)

   It affects your resistance to hostile enchantments.
   It lets you blink.
 O - a +0 plate armour (worn)
Jewellery
 q - an amulet of clarity (around neck)
 B - a ring of protection from cold (left hand)
 E - an uncursed amulet of resist mutation
 J - a +3 ring of evasion (right hand)
Magical devices
 n - a wand of cold (6)
 r - a wand of cold (14)
 v - a wand of polymorph (0)
 F - a wand of cold (0)
Scrolls
 f - 4 scrolls of blinking
 g - 2 scrolls of amnesia
 i - 4 scrolls of fog
 j - 5 scrolls of enchant weapon
 m - 2 scrolls of teleportation
 p - 4 scrolls of remove curse
 s - 2 scrolls of magic mapping
 w - 9 scrolls of identify
 y - 3 scrolls of recharging
 H - 3 scrolls of enchant armour
 R - a scroll of brand weapon
 T - 3 scrolls of fear
Potions
 b - a potion of cancellation
 e - 2 potions of might
 l - 8 potions of brilliance
 u - a potion of heal wounds
 x - 2 potions of curing
 z - 4 potions of agility
 A - 2 potions of invisibility
 L - a potion of flight
Books
 I - a book of Control

   Spells                             Type                      Level
   a - Control Teleport               Charms/Translocation         4
   b - Control Undead                 Necromancy                   4
   c - Enslavement                    Hexes                        4
   d - Metabolic Englaciation         Hexes/Ice                    5
   e - Mass Confusion                 Hexes                        6
 P - a book of Clouds

   Spells                             Type                      Level
   a - Mephitic Cloud                 Conjuration/Poison/Air       3
   b - Conjure Flame                  Conjuration/Fire             3
   c - Poisonous Cloud                Conjuration/Poison/Air       6
   d - Freezing Cloud                 Conjuration/Ice/Air          6
   e - Ring of Flames                 Charms/Fire                  7
 Q - a book of Air

   Spells                             Type                      Level
   a - Shock                          Conjuration/Air              1
   b - Swiftness                      Charms/Air                   2
   c - Repel Missiles                 Charms/Air                   2
   d - Flight                         Charms/Air                   3
   e - Static Discharge               Conjuration/Air              3
   f - Lightning Bolt                 Conjuration/Air              5
 S - a book of Battle

   Spells                             Type                      Level
   a - Infusion                       Charms                       1
   b - Shroud of Golubria             Charms/Translocation         2
   c - Song of Slaying                Charms                       2
   d - Spectral Weapon                Hexes/Charms                 3
   e - Regeneration                   Charms/Necromancy            3
 W - a book of Alchemy

   Spells                             Type                      Level
   a - Sublimation of Blood           Necromancy                   2
   b - Alistair's Intoxication        Transmutation/Poison         4
   c - Condensation Shield            Ice                          4
   d - Petrify                        Transmutation/Earth          4
   e - Ignite Poison                  Fire/Transmutation           5
   f - Irradiate                      Conjuration/Transmutation    5
 X - a manual of Fighting
Comestibles
 d - 10 bread rations
 k - 2 royal jellies
 o - 5 meat rations


   Skills:
 + Level 12.5 Fighting
 - Level 15.1 Maces & Flails
 - Level 10.1 Armour
 - Level 3.6 Shields
 - Level 3.5 Invocations
 + Level 7.1 Evocations


You had 10 spell levels left.
You didn't know any spells.

Dungeon Overview and Level Annotations

Branches:
Dungeon (11/15)            Temple (1/1) D:7            Lair (0/8) D:11
    Orc (0/4) D:9

Altars:
Ashenzari
Cheibriados
Dithmenos
Elyvilon
Fedhas
Gozag
Kikubaaqudgha
Makhleb
Nemelex Xobeh
Okawaru
Qazlal
Ru
Sif Muna
Trog
Vehumet
Xom
Yredelemnul
Zin
The Shining One

Shops:
D:6 [   D:10 *


Innate Abilities, Weirdness & Mutations

You reflexively headbutt those who attack you in melee.
You have a pair of horns on your head.


Message History

As you read the scroll of teleportation, it crumbles to dust.
You feel strangely unstable. Something hits you.
* * * LOW HITPOINT WARNING * * *
You miss something. Something hits you.
* * * LOW HITPOINT WARNING * * *
Something hits you but does no damage.
Your shield and plate armour prevent you from hitting the orc priest.
You headbutt the orc priest.
The orc priest is lightly wounded.
Something hits you.
* * * LOW HITPOINT WARNING * * *
Something hits you but does no damage.
The orc priest hits you but does no damage.
You hit the orc priest but do no damage.
You headbutt the orc priest!
The orc priest is almost dead.
Something hits you.
* * * LOW HITPOINT WARNING * * *
Something hits you!
You die...

### ##.# ###.##
##..## ##..##
##..## ##########
##..##
####..@.....## #
##..##
##.....o.......#
###..##
##..............
.#..##
##...............
...##
#..............$.
...#
#...............
...#
#...........B..
...#
##.............
...#
##.............


You could see a goliath beetle and an orc priest.

Vanquished Creatures
  A hydra (D:11)
  A centaur warrior (D:9)
  The ghost of Woxaris the Spear-Bearer, an experienced MiBe of Trog (D:10)
  The ghost of Beholder179 the Zephyrmancer, an experienced HEAE of Okawaru (D:7)
  3 hill giants
  An orc knight (Bailey)
  A wolf spider zombie (D:11)
  An ugly thing (D:11)
  An elephant (D:11)
  A centaur skeleton (D:11)
  A freezing wraith (D:9)
  An efreet (D:11)
  3 trolls
  The ghost of Gravoth the Sneak, an average KoHu (D:4)
  A spriggan (D:9)
  2 deep elf magi (D:9)
  2 hungry ghosts (D:9)
  A wyvern (D:11)
  4 hippogriffs
  3 phantoms
  3 ogres
  2 black bears (D:10)
  An eye of draining (D:10)
  4 ice beasts
  A sky beast (D:6)
  8 orc warriors
  3 crocodiles
  8 centaurs
  4 big kobolds
  Blork the orc (D:4)
  4 giant frogs
  3 scorpions
  21 killer bees
  19 wights
  A goliath beetle (D:11)
  A giant frog skeleton (D:8)
  3 hounds
  7 orc wizards
  Crazy Yiuf (D:6)
  4 orc priests
  A centaur zombie (D:6)
  7 jellies
  4 iguanas
  8 worker ants
  2 hound skeletons
  4 gnolls
  A killer bee simulacrum (D:11)
  5 river rats (D:5)
  14 adders
  3 shadow imps
  3 giant mites
  2 worms (D:2)
  An adder zombie (D:6)
  2 adder skeletons
  A giant gecko (D:2)
  2 oozes
  60 orcs
  4 ball pythons
  18 bats
  3 bat skeletons
  3 giant cockroaches
  16 goblins
  13 hobgoblins
  8 jackals
  38 kobolds
  4 quokkas
  A giant gecko skeleton (D:4)
  7 giant newts
  19 rats
  A spectral orc (D:2)
  2 ballistomycetes (D:11)
387 creatures vanquished.

Vanquished Creatures (others)
  A quasit (D:11)
  A giant spore (D:11)
2 creatures vanquished.

Grand Total: 389 creatures vanquished

Notes
Turn   | Place    | Note
--------------------------------------------------------------
     0 | D:1      | Kloppie, the Minotaur Fighter, began the quest for the Orb.
     0 | D:1      | Reached XP level 1. HP: 19/19 MP: 1/1
   111 | D:1      | Reached skill level 4 in Fighting
   191 | D:1      | Reached XP level 2. HP: 27/27 MP: 1/1
   943 | D:1      | Reached XP level 3. HP: 31/34 MP: 2/2
  1033 | D:2      | Found a blossoming altar of Fedhas.
  1317 | D:2      | Reached XP level 4. HP: 41/41 MP: 2/2
  1339 | D:2      | Reached skill level 5 in Fighting
  1411 | D:2      | Found a basalt altar of Yredelemnul.
  1921 | D:2      | Reached XP level 5. HP: 43/48 MP: 2/2
  2076 | D:3      | Found an ancient bone altar of Kikubaaqudgha.
  2084 | D:3      | Reached skill level 5 in Maces & Flails
  2096 | D:3      | Found a bloodstained altar of Trog.
  2096 | D:3      | Found a stormy altar of Qazlal.
  2096 | D:3      | Found a radiant altar of Vehumet.
  2097 | D:3      | Found a shattered altar of Ashenzari.
  2098 | D:3      | Found an iron altar of Okawaru.
  2098 | D:3      | Found a sacrificial altar of Ru.
  2111 | D:3      | Became a worshipper of Warmaster Okawaru
  2391 | D:3      | Reached skill level 6 in Fighting
  2686 | D:4      | Reached XP level 6. HP: 55/57 MP: 3/3
  2732 | D:4      | Noticed Gravoth's ghost (average KoHu)
  2773 | D:4      | Killed Gravoth's ghost
  2773 | D:4      | Acquired Okawaru's first power
  2784 | D:4      | Noticed Blork the orc
  2849 | D:4      | Killed Blork the orc
  2849 | D:4      | Reached skill level 7 in Fighting
  2849 | D:4      | Reached XP level 7. HP: 53/66 MP: 3/3
  3437 | D:5      | Entered Level 5 of the Dungeon
  3462 | D:5      | Found a sparkling altar of Nemelex Xobeh.
  3854 | D:5      | Found a glowing drain.
  3919 | Sewer    | Entered a sewer
  4212 | Sewer    | Reached skill level 8 in Fighting
  4596 | D:5      | Reached XP level 8. HP: 71/75 MP: 3/3
  4688 | D:5      | Found a burning altar of Makhleb.
  4688 | D:5      | Found a glowing silver altar of Zin.
  4689 | D:5      | Noticed an angel
  4689 | D:5      | Noticed a blizzard demon
  5126 | D:6      | Reached skill level 9 in Fighting
  5708 | D:6      | Noticed Crazy Yiuf
  5713 | D:6      | Killed Crazy Yiuf
  5985 | D:6      | Reached skill level 10 in Fighting
  6096 | D:6      | Found Khucs' Armour Emporium.
  6460 | D:7      | Found a staircase to the Ecumenical Temple.
  6476 | D:7      | Reached skill level 10 in Maces & Flails
  6476 | D:7      | Reached skill level 1 in Invocations
  6485 | D:7      | Noticed Beholder179's ghost (experienced HEAE)
  6585 | D:7      | Killed Beholder179's ghost
  6585 | D:7      | Reached XP level 9. HP: 80/85 MP: 2/9
  6670 | Temple   | Entered the Ecumenical Temple
  6767 | D:7      | Noticed a hill giant
  6773 | D:7      | Killed a hill giant
  6773 | D:7      | Reached skill level 11 in Maces & Flails
  6773 | D:7      | Reached skill level 5 in Armour
  7606 | D:8      | Reached skill level 12 in Maces & Flails
  7810 | D:8      | Acquired Okawaru's second power
  7848 | D:8      | Received a gift from Okawaru
  7956 | D:9      | Found a staircase to the Orcish Mines.
  7989 | D:9      | Reached XP level 10. HP: 80/93 MP: 10/10
  8317 | D:9      | Reached skill level 13 in Maces & Flails
  8476 | D:9      | Found a white marble altar of Elyvilon.
  8628 | D:9      | Received a gift from Okawaru
  8643 | D:9      | Got a shimmering shield {god gift}
  8654 | D:9      | Identified the -4 shield of the Volcano {+Blink MR+} (Okawaru gifted it to you on level 9 of the Dungeon)
  8659 | D:9      | Noticed a centaur warrior
  8672 | D:9      | Killed a centaur warrior
  8672 | D:9      | Reached skill level 10 in Armour
  9074 | D:10     | Entered Level 10 of the Dungeon
  9156 | D:10     | Noticed a hill giant
  9177 | D:10     | Killed a hill giant
  9177 | D:10     | Reached skill level 14 in Maces & Flails
  9177 | D:10     | Reached skill level 1 in Evocations
  9177 | D:10     | Reached XP level 11. HP: 33/99 MP: 10/10
  9507 | D:10     | Noticed Woxaris' ghost (experienced MiBe)
  9531 | D:10     | Killed Woxaris' ghost
 10020 | D:10     | Found Criguiz's Demolitions Depot.
 10259 | D:11     | Noticed an eight-headed hydra
 10291 | D:11     | Killed an eight-headed hydra
 10337 | D:11     | Found a staircase to the Lair.
 10380 | D:11     | Found a flagged portal.
 10394 | Bailey   | Entered a bailey
 11696 | Bailey   | Got a transparent bardiche
 11716 | Bailey   | Reached skill level 15 in Maces & Flails
 11716 | Bailey   | Reached skill level 5 in Evocations
 12097 | D:11     | Noticed a hill giant
 12262 | D:11     | Killed a hill giant
 12712 | D:11     | Found Pliezism's Magic Scroll Boutique.
 12720 | D:11     | Bought a scroll of immolation for 38 gold pieces
 12720 | D:11     | Bought a scroll of identify for 22 gold pieces
 12720 | D:11     | Bought a scroll of remove curse for 33 gold pieces
 12720 | D:11     | Bought a scroll of fear for 38 gold pieces
 12720 | D:11     | Bought a scroll of remove curse for 33 gold pieces
 12720 | D:11     | Bought a scroll of fear for 38 gold pieces
 12837 | D:11     | Received a gift from Okawaru
 13343 | D:11     | HP: 5/105 [something (4)]
 13343 | D:11     | Slain by an unseen horror

Action                   |  1- 3 |  4- 6 |  7- 9 | 10-12 || total
-------------------------+-------+-------+-------+-------++-------
Melee: Flail             |   113 |   152 |   351 |   631 ||  1247
       Unarmed           |       |     3 |       |       ||     3
Invok: Heroism           |       |       |     3 |     7 ||    10
  Use: Scroll            |       |       |    18 |     5 ||    23
       Potion            |       |       |     2 |     3 ||     5
  Eat: Chunk             |     1 |     5 |    14 |    14 ||    34
       Pizza             |       |       |     2 |       ||     2
       Fruit             |       |       |       |     3 ||     3
       Beef jerky        |       |       |       |     2 ||     2
